 Dungeon Crawl Stone Soup version 0.18-a0-1203-gbde16db (webtiles) character file.

563 4thArraOfDagon the Slasher (level 7, -1/57 HPs)
             Began as a Centaur Berserker on Jan 31, 2016.
             Was a Follower of Trog.
             Killed from afar by Erolcha (20 damage)
             ... with a bolt of lightning
             ... on level 8 of the Dungeon.
             The game lasted 00:05:00 (1102 turns).

4thArraOfDagon the Slasher (Centaur Berserker)      Turns: 1102, Time: 00:05:00

Health: -1/57      AC:  9    Str: 22    XL:     7   Next: 10%
Magic:  0/7        EV:  4    Int:  6    God:    Trog [*.....]
Gold:   129        SH:  0    Dex:  8    Spells: 0 memorised, 6 levels left

rFire  . . .     SeeInvis .     a - +0 falchion
rCold  . . .     Gourm    .     l - +0 plate armour
rNeg   . . .     Faith    .     (no shield)
rPois  .         Spirit   +     (no helmet)
rElec  .         Dismiss  .     (no cloak)
rCorr  .         Reflect  .     (no gloves)
SustAt .         Harm     .     (no barding)
MR     ++...     Rnd*Tele +     e - amulet of guardian spirit
Stlth  ..........               (no ring)
                                i - ring of teleportation (curse)

@: exhausted, regenerating, very quick, very resistant to hostile enchantments,
extremely unstealthy
A: claws 1, hooves 3, deformed body, speed 2, teleportitis 1, tough skin 3
a: Berserk, Burn Spellbooks, Renounce Religion


You were on level 8 of the Dungeon.
You worshipped Trog.
Trog was aware of your devotion.
You were hungry.

You visited 1 branch of the dungeon, and saw 8 of its levels.

You collected 129 gold pieces.

Inventory:

Hand Weapons
 a - a +0 falchion (weapon)
Armour
 l - a +0 plate armour (worn)
Jewellery
 e - an amulet of guardian spirit (around neck)
 i - a cursed ring of teleportation (left claw)
Scrolls
 b - 2 scrolls of identify {unknown}
 f - a scroll of remove curse {unknown}
 g - a scroll of immolation {unknown}
 j - a scroll of acquirement {unknown}
 k - a scroll of magic mapping {unknown}
Comestibles
 c - a bread ration
 d - 5 chunks of flesh


   Skills:
 - Level 3.0 Fighting
 * Level 6.3 Long Blades
 + Level 3.4 Armour
 - Level 1.3 Dodging


You had 6 spell levels left.
You didn't know any spells.

Dungeon Overview and Level Annotations

Branches:
Dungeon (8/15)
 Temple: D:4-7         Lair: D:8-11

Altars:
Dithmenos

Annotations:
D:8 Erolcha


Innate Abilities, Weirdness & Mutations

You have hooves in place of feet.
Armour fits poorly on your strangely shaped body.
You cover ground very quickly.
You have extremely tough skin (AC +3).
You have sharp fingernails.
You are occasionally teleported next to monsters.


Message History

Unknown command.
Unknown command.
Unknown command.
Unknown command.
You feel sick.
Your skin crawls.
You feel resistant to hostile enchantments.
You are feeling hungry.
You can no longer call upon Trog for regeneration and protection from hostile enchantments.
Unknown command.
Unknown command.
Unknown command.
Unknown command.
You feel sick.
You are no longer poisoned.
Erolcha casts a spell at you.
The bolt of lightning hits the gnoll.
The gnoll dies!
The bolt of lightning hits you!
You die...

#...# #........
#####
#####.......
#...O...#
#.##)...#
#g##.##O# #
#Y##.##.##....
#.##.......#
#.##..####.....
#..@..# ....
####..# ...
...# .. #.....
. ...#...
....#.....
#....#..... .#
....


You could see Erolcha.

Vanquished Creatures
  An orc warrior (D:6)
  An ogre (D:8)
  2 centaurs (D:6)
  A giant frog (D:6)
  A hound (D:6)
  2 orc priests
  An orc wizard (D:7)
  A worker ant (D:6)
  An ooze (D:1)
  A giant gecko (D:1)
  4 orcs
  2 ball pythons
  A goblin (D:1)
  10 jackals
  2 giant newts (D:1)
  A kobold (D:2)
  A rat (D:1)
33 creatures vanquished.

Vanquished Creatures (others)
  A gnoll (D:8)
1 creature vanquished.

Grand Total: 34 creatures vanquished

Notes
Turn   | Place    | Note
--------------------------------------------------------------
     0 | D:1      | 4thArraOfDagon the Centaur Berserker began the quest for the Orb.
     0 | D:1      | Reached XP level 1. HP: 19/19 MP: 1/1
    35 | D:1      | Reached XP level 2. HP: 21/26 MP: 2/2
   237 | D:5      | Entered Level 5 of the Dungeon
   300 | D:4      | Found a shadowy altar of Dithmenos.
   433 | D:6      | Noticed a centaur
   447 | D:6      | Reached XP level 3. HP: 31/31 MP: 3/3
   451 | D:6      | Killed a centaur
   451 | D:6      | Reached skill level 4 in Long Blades
   451 | D:6      | Reached XP level 4. HP: 38/38 MP: 4/4
   465 | D:6      | Noticed an orc warrior
   499 | D:6      | Killed an orc warrior
   499 | D:6      | Reached skill level 5 in Long Blades
   499 | D:6      | Reached XP level 5. HP: 45/45 MP: 5/5
   511 | D:6      | Reached ** piety under Trog
   565 | D:6      | Noticed a centaur
   619 | D:6      | Killed a centaur
   619 | D:6      | Reached XP level 6. HP: 37/51 MP: 6/6
   907 | D:7      | Reached skill level 6 in Long Blades
  1027 | D:7      | Noticed an ice beast
  1053 | D:8      | Reached XP level 7. HP: 57/57 MP: 7/7
  1069 | D:8      | Noticed Erolcha
  1081 | D:8      | Gained mutation: You are occasionally teleported next to monsters. [potion of mutation]
  1081 | D:8      | Gained mutation: You have sharp fingernails. [potion of mutation]
  1102 | D:8      | Killed from afar by Erolcha

Vault maps used:
D:1:      shiori_shiawase
D:2:      old_standard_altar, zin_academy, first_bread
D:3:      forest_paths, makhleb_heckhound_becter
D:4:      nicolae_dithmenos_the_darkroom, minmay_temple_entry_hall,
          serial_glass, glass_columns_a, glass_columns_a, glass_columns_b,
          glass_columns_a, grunt_qazlal_sundering
D:6:      grunt_temple_overflow_octagram, minmay_ogre_servants
D:7:      tso_oasis_becter, serial_shops, shop_statue, serial_park_tiny_pond
D:8:      lemuel_ice_statue, nicolae_overflow_crystal_walls, serial_shops, shop,
          uniq_erolcha

Action                   |  1- 3 |  4- 6 |  7- 9 || total
-------------------------+-------+-------+-------++-------
Melee: Falchion          |    36 |    93 |       ||   129
Invok: Berserk           |     3 |     5 |       ||     8
       Trog's Hand       |       |     3 |     2 ||     5
  Use: Potion            |       |     3 |     1 ||     4
  Eat: Chunk             |       |     6 |     1 ||     7
       Pizza             |       |     1 |       ||     1
